 Dungeon Crawl Stone Soup version 0.31-a0-626-g8143ab4f1d (webtiles) character file.

Game seed: 4054509053661279907

130 IdlyInterested the Chopper (level 4, -15/34 HPs)
             Began as a Demonspawn Gladiator on Aug 24, 2023.
             Demolished by an ogre
             ... wielding a +0 giant club
              (19 damage)
             ... on level 4 of the Dungeon.
             The game lasted 00:12:24 (2777 turns).

IdlyInterested the Chopper (Demonspawn Gladiator)   Turns: 2777, Time: 00:12:25

Health: -15/34     AC:  9    Str: 14    XL:     4   Next: 90%
Magic:  4/4        EV: 12    Int: 11    God:
Gold:   118        SH:  0    Dex: 15    Spells: 3/3 levels left

rFire   . . .        a - +0 war axe
rCold   . . .        (no shield)
rNeg    . . .        b - +0 leather armour
rPois   .            c - +0 helmet
rElec   .            (no cloak)
rCorr   .            (no gloves)
SInv    .            m - +0 pair of boots
Will    .....        (no amulet)
Stlth   ++           s - +4 ring of protection
HPRegen 0.25/turn    (no ring)
MPRegen 0.09/turn

%: no passive effects
@: no status effects
A: sturdy frame 1, demonic magic 1
a: no special abilities


You were on level 4 of the Dungeon.
You visited 1 branch of the dungeon, and saw 4 of its levels.

You collected 118 gold pieces.

Inventory:

Hand Weapons
 a - a +0 war axe (weapon)
 g - a +0 hand axe
 h - a +0 spear
 y - a +0 short sword
 A - a +1 dagger of venom
Missiles
 d - 2 throwing nets
 e - a javelin
 i - 14 stones (quivered)
 w - 2 atropa-tipped darts
Armour
 b - a +0 leather armour (worn)
 c - a +0 helmet (worn)
 m - a +0 pair of boots (worn)
 n - a +0 ring mail
 o - a +0 robe
 r - a +0 scale mail
Jewellery
 s - a +4 ring of protection (left hand)
Wands
 v - a wand of quicksilver (6)
 x - a wand of iceblast (14)
Scrolls
 f - 2 scrolls of torment
 j - a scroll of teleportation
 k - a scroll of fog
 p - a scroll of poison
 q - a scroll of fear
 u - 3 scrolls of blinking
Potions
 l - a potion of haste {unknown}
 t - a potion of curing {unknown}
 z - a potion of magic


   Skills:
 * Level 2.8 Fighting
 - Level 4.0 Axes
 - Level 1.7 Throwing
 - Level 2.0 Armour
 - Level 2.6 Dodging
 + Level 1.2 Stealth


You had 3 spell levels left.
You didn't know any spells.
Your spell library contained the following spells:

 Spells                   Type           Power      Damage    Failure   Level
 Freeze                   Ice            0%         1d3       36%         1
 Kiss of Death            Conj/Necr      0%         2d5       36%         1
 Sublimation of Blood     Necr           0%         N/A       50%         2
 Confusing Touch          Hex            0%         N/A       73%         3
 Frozen Ramparts          Ice            0%         1d1       73%         3
 Hailstorm                Conj/Ice       0%         3d3       73%         3
 Volatile Blastmotes      Fire/Tloc      0%         2d10      73%         3
 Dispel Undead            Necr           0%         3d6       98%         4
 Fulminant Prism          Conj/Hex       0%         3d5       98%         4
 Iskenderun's Mystic Bla  Conj/Tloc      0%         2d3       98%         4
 Petrify                  Tmut/Erth      0%         N/A       98%         4
 Irradiate                Conj/Tmut      0%         3d11      100%        5


Dungeon Overview and Level Annotations

Branches:
Dungeon (4/15)
 Temple: D:4-7

Altars:


Innate Abilities, Weirdness & Mutations

Your movements are slightly less encumbered by armour. (ER -2)
Spells you cast may paralyse adjacent enemies.


Message History

You slash the hobgoblin!
You kill the hobgoblin!
You see here a hobgoblin corpse.
You hear the slow rusting of a very distant drain.
An ogre comes into view. It is wielding a +0 giant club.
The ogre shouts!
The ogre hits you with a +0 giant club!
You barely miss the ogre. The ogre barely misses you.
You hit the ogre.
The ogre is lightly wounded.
The ogre barely misses you.
You hit the ogre but do no damage.
The ogre is lightly wounded.
The ogre misses you.
You hit the ogre.
The ogre is lightly wounded.
The ogre hits you with a +0 giant club!
You slash the ogre!
The ogre is heavily wounded.
You barely miss the ogre.
The ogre is heavily wounded.
The ogre misses you.
You barely miss the ogre.
The ogre is heavily wounded.
The ogre barely misses you.
You hit the ogre.
The ogre is heavily wounded.
The ogre hits you with a +0 giant club.
You closely miss the ogre.
The ogre is heavily wounded.
The ogre misses you.
You hit the ogre.
The ogre is severely wounded.
The ogre hits you with a +0 giant club!
* * * LOW HITPOINT WARNING * * *
You completely miss the ogre.
The ogre is severely wounded.
The ogre hits you with a +0 giant club!!
Ouch! That really hurt!
You die...

#... .. ##### #.## #.
##...## #.# #.
##.###.###.# #####.##
#.#####.##.## #......#
#.##......... ......#
#.##.##†##.## #..O#
##.#.#.###.# ##.##..@#
##...# #..
........#######.########
#......................
#..##.#.###.###.#######
#. #.#.# #.# #.# . #.#.#
#.# #.# . #.# #.# #.# #
#.# #.# #.# #.. ... ..#


You could see an ogre.

Vanquished Creatures
  An orc wizard (D:3)
  5 adders
  A worm (D:2)
  A dart slug (D:4)
  5 orcs (D:3)
  4 bats
  5 endoplasms
  4 giant cockroaches
  4 goblins (D:1)
  4 hobgoblins
  3 jackals (D:3)
  3 kobolds
  A quokka (D:3)
  4 ball pythons
  A frilled lizard (D:1)
  3 rats
49 creatures vanquished.

Notes
Turn   | Place    | Note
-------+----------+-------------------------------------------
     0 | D:1      | IdlyInterested the Demonspawn Gladiator began the quest for
                  | the Orb.
     0 | D:1      | Reached XP level 1. HP: 16/16 MP: 1/1
   219 | D:1      | Reached skill level 1 in Armour
   340 | D:1      | Gained mutation: Spells you cast may paralyse adjacent
                  | enemies. [demonic ancestry]
   340 | D:1      | Reached XP level 2. HP: 20/22 MP: 2/2
   369 | D:1      | Reached skill level 3 in Axes
   766 | D:2      | Gained mutation: Your movements are slightly less
                  | encumbered by armour. (ER -2) [demonic ancestry]
   766 | D:2      | Reached XP level 3. HP: 24/27 MP: 3/3
  1757 | D:3      | Reached XP level 4. HP: 33/33 MP: 4/4
  2054 | D:3      | Reached skill level 4 in Axes
  2270 | D:3      | Reached skill level 1 in Stealth
  2764 | D:4      | Noticed an ogre
  2777 | D:4      | Demolished by an ogre

Illustrated notes

Levels and vault maps discovered:
D:1:      dpeg_arrival_solitude, layout_rooms, minmay_cut_off
D:2:      layout_basic
D:3:      layout_basic
D:4:      layout_loops_ring, portal_sewer_entry_f

Skill      XL: |  1  2  3  4 |
---------------+-------------+-----
Armour         | 1 2 |  2.0
Axes           | 3 4 |  4.0
Stealth        | 1 |  1.2
Fighting       | |  2.8
Throwing       | |  1.7
Dodging        | |  2.6

Action                     |  1- 3 |  4- 6 || total
---------------------------+-------+-------++-------
  Melee: War axe           |   129 |    80 ||   209
  Throw: Stone             |       |     1 ||     1
         Throwing net      |       |     1 ||     1
    Use: Scroll            |     1 |     6 ||     7
   Stab: Sleeping          |     1 |     2 ||     3
         Held in net/web   |       |     1 ||     1
 Armour: Leather armour    |    12 |    10 ||    22
         Ring mail         |    23 |       ||    23
         Scale mail        |    38 |    19 ||    57
  Dodge: Dodged            |    98 |    47 ||   145

Table legend: (Time is in decaauts)
 A = Elapsed time spent in this place.
 B = Non-inter-level travel time spent in this place.
 C = Inter-level travel time spent in this place.
 D = Time resting spent in this place.
 E = Time spent auto-exploring this place.
 F = Levels seen in this place.
 G = Mean time per level.
                   A        B        C        D        E       F      G
               +--------+--------+--------+--------+--------+-----+--------+
         Total |   2845 |   2652 |    193 |    371 |   1541 |   4 |  711.2 |
       Dungeon |   2845 |   2652 |    193 |    371 |   1541 |   4 |  711.2 |
               +--------+--------+--------+--------+--------+-----+--------+

Top non-repeatable levels by time:
     D:2: 1145 daAuts
     D:3: 929 daAuts
     D:1: 694 daAuts
     D:4: 75 daAuts
